 Dungeon Crawl Stone Soup version 0.30.0-29-ga12c61a403 (webtiles) character file.

Game seed: 10198259569741564392

70885 wingedge the Summoner (level 14, -2/67 HPs)
             Began as a Felid Summoner on June 7, 2023.
             Was the Champion of Kikubaaqudgha.
             Slain by a wolf spider simulacrum (5 damage)
             ... on level 1 of the Spider Nest on June 11, 2023.
             The game lasted 03:33:34 (36814 turns).

wingedge the Summoner (Felid Summoner)             Turns: 36814, Time: 03:33:35

Health: -2/67      AC:  7    Str:  9    XL:     14   Next: 95%
Magic:  3/28       EV: 26    Int: 24    God:    Kikubaaqudgha [******]
Gold:   2537       SH:  0    Dex: 17    Spells: 1/31 levels left
                                        Lives:  0   Deaths: 2

rFire   . .          .
                       - Unarmed
rCold   + . .        (shield unavailable)
rNeg    . . .        (body armour unavailable)
rPois   +            (helmet unavailable)
rElec   .            (cloak unavailable)
rCorr   .            (gloves unavailable)
SInv    +            (boots unavailable)
Will    ++...        C - amulet "Caciyg" {RegenMP Drain Str+5 Stlth+}
Stlth   +++++        F - +4 ring of protection
HPRegen 0.31/turn    y - ring of poison resistance
MPRegen 0.61/turn

%: no passive effects
@: quick
A: very small, claws 1, fangs 3, see invisible, speed 1, shaggy fur 3, stealthy
paws, no weapons or thrown items, no armour, multi-lived
a: Renounce Religion, Unearth Wretches, Torment, Receive Forbidden Knowledge


You were on level 1 of the Spider Nest.
You worshipped Kikubaaqudgha.
Kikubaaqudgha was exalted by your worship.
You visited 5 branches of the dungeon, and saw 27 of its levels.
You also visited: Gauntlet.

You collected 2537 gold pieces.

Inventory:

Jewellery
 h - a ring of protection from cold
 s - a +5 ring of evasion
 y - a ring of poison resistance (right paw)
 C - the amulet "Caciyg" (around neck) {RegenMP Drain Str+5 Stlth+}
   (You found it in a Gauntlet)

   [amulet of magic regeneration]

   It increases your rate of magic regeneration.
   Str:       It affects your strength (+5).
   Drain:     It drains your maximum health when unequipped.
   Stlth:     It makes you more stealthy.
 F - a +4 ring of protection (left paw)
 H - a ring of fire
Wands
 n - a wand of iceblast (29)
 v - a wand of quicksilver (13)
 x - a wand of paralysis (36)
 D - a wand of flame (43)
 I - a wand of mindburst (19)
Scrolls
 b - 7 scrolls of immolation
 g - 6 scrolls of teleportation
 i - a scroll of blinking
 j - 6 scrolls of magic mapping
 l - 7 scrolls of vulnerability
 m - 6 scrolls of fog
 u - a scroll of fear
 w - 4 scrolls of silence
 E - 3 scrolls of poison
 K - 3 scrolls of identify
 L - a scroll of amnesia
Potions
 a - 4 potions of magic
 c - 10 potions of heal wounds
 d - 2 potions of berserk rage
 e - 7 potions of cancellation
 f - 17 potions of curing
 k - 5 potions of flight
 o - 4 potions of haste
 p - 4 potions of attraction
 q - 5 potions of might
 r - a potion of resistance
 t - a potion of mutation
 z - 5 potions of brilliance
 A - 5 potions of lignification
 G - 4 potions of ambrosia
Miscellaneous
 J - a phial of floods


   Skills:
 - Level 11.0 Fighting
 - Level 13.0 Dodging
 - Level 7.0 Stealth
 - Level 4.0 Unarmed Combat
 - Level 9.0 Spellcasting
 - Level 4.0 Conjurations
 - Level 11.0 Hexes
 + Level 13.7 Summonings
 + Level 13.7 Necromancy
 - Level 7.0 Transmutations
 - Level 6.0 Fire Magic
 - Level 8.0 Air Magic
 - Level 4.0 Earth Magic
 - Level 6.0 Poison Magic


You had one spell level left.
You knew the following spells:

 Your Spells              Type           Power      Damage    Failure   Level
b - Ignite Poison         Fire/Tmut/Pois 41%        N/A       1%          3
c - Call Canine Familiar  Summ           67%        N/A       1%          3
e - Poisonous Vapours     Pois/Air       88%        N/A       1%          2
f - Summon Lightning Spi  Summ/Air       58%        N/A       1%          4
g - Animate Dead          Necr           67%        N/A       1%          4
h - Anguish               Hex/Necr       31%        N/A       1%          4
i - Stone Arrow           Conj/Erth      60%        3d10      3%          3
j - Haunt                 Necr/Summ      33%        N/A       19%         7

Your spell library contained the following spells:

 Spells                   Type           Power      Damage    Failure   Level
 Kiss of Death            Conj/Necr      100%       2d13      1%          1
 Necrotise                Necr           100%       1d9       1%          1
 Sandblast                Erth           60%        2d14      1%          1
 Slow                     Hex            100%       N/A       1%          1
 Sting                    Tmut/Pois      100%       1d8       1%          1
 Summon Small Mammal      Summ           100%       N/A       1%          1
 Apportation              Tloc           20%        N/A       6%          1
 Call Imp                 Summ           100%       N/A       1%          2
 Cigotuvi's Dreadful Rot  Necr/Pois/Air  100%       N/A       1%          2
 Ensorcelled Hibernation  Hex/Ice        74%        N/A       1%          2
 Passwall                 Tmut/Erth      30%        N/A       1%          2
 Sublimation of Blood     Necr           67%        N/A       1%          2
 Confusing Touch          Hex            59%        N/A       1%          3
 Inner Flame              Hex/Fire       51%        N/A       1%          3
 Summon Guardian Golem    Hex/Summ       63%        N/A       1%          3
 Swiftness                Air            49%        N/A       1%          3
 Vampiric Draining        Necr           67%        2d10      1%          3
 Dispel Undead            Necr           67%        3d23      1%          4
 Agony                    Necr           67%        N/A       1%          5
 Vhi's Electric Charge    Tloc/Air       60%        N/A       3%          3
 Olgreb's Toxic Radiance  Pois           39%        N/A       4%          4
 Borgnjor's Vile Clutch   Necr/Erth      26%        N/A       4%          5
 Yara's Violent Unravell  Hex/Tmut       26%        3d11      4%          5
 Petrify                  Tmut/Erth      37%        N/A       6%          4
 Flame Wave               Conj/Fire      34%        2d10      8%          4
 Sticky Flame             Conj/Fire      34%        2d5       8%          4
 Blade Hands              Tmut           22%        N/A       9%          5
 Alistair's Intoxication  Tmut/Pois      28%        N/A       11%         5
 Arcjolt                  Conj/Air       19%        1d29      14%         5
 Irradiate                Conj/Tmut      18%        3d17      17%         5
 Plasma Beam              Fire/Air       22%        2x1d37    45%         6
 Simulacrum               Ice/Necr       21%        N/A       47%         6
 Spellforged Servitor     Conj/Summ      26%        N/A       78%         7
 Borgnjor's Revivificati  Necr           33%        N/A       80%         8
 Infestation              Necr           33%        N/A       80%         8
 Iron Shot                Conj/Erth      15%        9d4       86%         6
 Necromutation            Tmut/Necr      28%        N/A       99%         8
 Orb of Destruction       Conj           15%        9d7       100%        7
 Ozocubu's Refrigeration  Ice            5%         4d8       100%        7
 Ignition                 Fire           19%        3d7       100%        8
 Death's Door             Necr           33%        N/A       100%        9
 Polar Vortex             Ice            5%         N/A       100%        9
 Animate Armour           Summ/Erth      Unusable   N/A       N/A         4

Dungeon Overview and Level Annotations

Branches:
Dungeon (15/15)            Temple (0/1) D:6            Lair (5/5) D:9
  Swamp (4/4) Lair:3       Spider (1/4) Lair:3        Slime (0/5) Lair:5
    Orc (2/2) D:12            Elf (0/3) Orc:2        Vaults (0/5) D:13
 Depths (0/4) D:15        Gauntlet (visited)

Altars:
Ashenzari
Dithmenos
Hepliaklqana
Kikubaaqudgha
Makhleb
Trog
Uskayaw
Wu Jian
Xom
Yredelemnul
The Shining One
Jiyva

Shops:
D:4 (   D:5 [((   D:15 [   Orc:2 [*(:

Portals:
Abyss: Swamp:3

Annotations:
D:6 1 runed translucent door
Lair:5 1 runed translucent door, bmack86's ghost, journeyman MiFi
Swamp:3 2 transporters, Dadbod's ghost, adept FoFi
Swamp:4 Bai Suzhen


Innate Abilities, Weirdness & Mutations

You have sharp claws.
You have razor-sharp teeth.
You have supernaturally acute eyesight. (SInv)
You cover ground quickly. (Speed+)
Your thick and shaggy fur keeps you warm. (AC +3, rC+)
Your paws help you pounce on unaware monsters.
You are incapable of wielding weapons or throwing items.
You cannot wear armour.
You gain extra lives every three experience levels.


Message History

The jumping spider simulacrum is lightly damaged.
The jumping spider leaps!
The jumping spider simulacrum closely misses you. x2
The culicivora simulacrum bites you but does no damage.
The jumping spider completely misses you.
The jumping spider misses you.
Your demonic crawler zombie hits the demonic crawler.
Your demonic crawler zombie hits the demonic crawler but does no damage.
Your demonic crawler zombie hits the demonic crawler.
The demonic crawler hits your demonic crawler zombie!!
Your demonic crawler zombie is destroyed!
The demonic crawler is wracked by anguish!
You scratch the jumping spider simulacrum.
You claw the jumping spider simulacrum, but do no damage.
You bite the jumping spider simulacrum.
The jumping spider simulacrum is moderately damaged.
The jumping spider pounces on you!
The jumping spider is wracked by anguish!
The jumping spider completely misses you.
The jumping spider simulacrum pounces on you!
* * * LOW HITPOINT WARNING * * *
The jumping spider simulacrum freezes you.
You resist.
* * * LOW HITPOINT WARNING * * *
The jumping spider simulacrum barely misses you.
The culicivora simulacrum bites you.
* * * LOW HITPOINT WARNING * * *
The culicivora simulacrum freezes you! You resist.
* * * LOW HITPOINT WARNING * * *
A jumping spider comes into view.
The jumping spider closely misses you.
The jumping spider completely misses you.
The culicivora simulacrum closely misses you.
The jumping spider's many legs skitter faintly.
You scratch the demonic crawler. Your bite misses the demonic crawler.
The demonic crawler is almost dead.
The jumping spider completely misses you. x2
The culicivora simulacrum misses you. The wolf spider simulacrum hits you.
You die...
Kikubaaqudgha rasps: "You have failed me!
Welcome... death!"

####.............#
######.#.......s.....## ..
#...##.........s...### ### ..~.
#....#(....^.........###°##..#
#....#^.....†...........°°°#
##...##.....°..Z.........##...~~
#..............Z..#.#..#.# ...
#.............ssZ.####.### .
#...........s..@Z....#...
#....................#.....
###..#.....##.>......#......#
#^..##.##.##........#.#.....
##...######.......†.###.....
#..^# ##...........##..... #..##
#.............# ####
###.....^.....# #.......#..###


You could see a demonic crawler (anguished), 4 jumping spiders, a wolf spider
simulacrum, a jumping spider simulacrum, a redback simulacrum and a culicivora
simulacrum.

Vanquished Creatures
  Frances (Swamp:1)
  An orc warlord (Orc:2)
  2 eleionomae (Swamp:3)
  Josephine (Orc:1)
  An ettin (D:15)
  Erolcha (Orc:1)
  Harold (D:11)
  3 vault guards (D:13)
  2 centaur warriors
  An ogre mage (D:13)
  4 boulder beetles
  A spriggan air mage (Swamp:1)
  2 two-headed ogres (D:11)
  2 death yaks (Lair:3)
  3 orc high priests (Orc:2)
  2 alligators
  2 spriggan berserkers (Swamp:1)
  A tengu warrior (D:15)
  19 spriggans
  Sonja (D:10)
  Nergalle (D:11)
  A skeletal warrior (D:15)
  A skyshark (Lair:4)
  6 goliath frogs
  A sun moth (Spider:1)
  A spriggan rider (Swamp:1)
  2 spriggan druids (Swamp:1)
  3 orb spiders
  A lindwurm (Lair:5)
  A wizard (D:13)
  A deep troll (D:15)
  4 deep elf pyromancers
  A necromancer (D:15)
  A steelbarb worm (Spider:1)
  An oklob plant (Gauntlet)
  A wolf spider (Spider:1)
  8 orc knights
  An ugly thing (D:14)
  5 orc sorcerers (Orc:2)
  A manticore (D:15)
  6 cyclopes
  4 elephants
  The ghost of nroviw the Ruffian, a novice VSFi of Makhleb (D:6)
  Maurice (Orc:2)
  A cane toad (Lair:4)
  2 kobold demonologists
  An unseen horror (D:11)
  Psyche (D:9)
  5 komodo dragons
  2 rime drakes
  A yaktaur (D:13)
  2 tengu conjurers
  7 trolls
  8 tyrant leeches
  A tarantella (Spider:1)
  20 hornets
  2 slime creatures (D:12)
  2 jumping spiders (Spider:1)
  A culicivora (Spider:1)
  5 wyverns
  2 basilisks (shapeshifter)
  A human (D:13)
  11 yaks
  A hog (Spider:1)
  2 fire elementals (Orc:2)
  2 basilisks
  A steam dragon (Lair:5)
  2 vampire mosquitoes (D:14)
  A redback (Spider:1)
  13 swamp worms
  A hell hound (Lair:5)
  An acid dragon (shapeshifter) (D:14)
  A water moccasin (Lair:5)
  19 orc warriors
  An ice beast (D:4)
  A sky beast (D:6)
  2 ogres (Orc:2)
  Pargi (D:4)
  6 wolves
  9 centaurs
  4 bullfrogs
  3 gnoll sergeants
  A wight (D:8)
  5 killer bees (D:8)
  2 electric eels (D:15)
  4 howler monkeys
  A lava snake (Lair:5)
  A hound (D:6)
  A gnoll bouda (D:6)
  16 orc priests
  A sleepcap (D:4)
  An iguana (D:6)
  16 orc wizards
  4 adders
  3 gnolls
  36 orcs
  An endoplasm (D:2)
  A jackal (D:2)
  A kobold (D:1)
346 creatures vanquished.

Vanquished Creatures (collateral kills)
  Jorgrun (Orc:2)
  Azrael (Orc:2)
  Nessos (Lair:5)
  A bunyip (Swamp:2)
  A shambling mangrove (Swamp:3)
  4 hydras
  3 ghost crabs
  2 two-headed ogres
  6 death yaks (Lair:3)
  2 alligators (Swamp:1)
  A spectral death yak (Lair:3)
  4 spriggans (Swamp:1)
  A fire crab (Gauntlet)
  A pharaoh ant (Spider:1)
  Amaemon (Lair:1)
  2 skeletal warriors (D:15)
  6 swamp dragons
  A spectral hydra (Lair:3)
  A bog body (Swamp:2)
  An orc knight (Orc:1)
  A necromancer (D:15)
  A cyclops (D:10)
  3 will-o-the-wisps
  A black mamba (Lair:3)
  Joseph (D:7)
  5 elephants
  2 demonic crawlers (Spider:1)
  5 cane toads
  An efreet (D:14)
  An orange demon (Lair:1)
  7 komodo dragons
  3 rime drakes
  A bloated husk (Swamp:3)
  A polar bear (Lair:2)
  2 tyrant leeches
  A troll (Orc:2)
  5 hornets
  A spectral elephant (Lair:3)
  Prince Ribbit (D:8)
  A spectral dream sheep (Lair:3)
  A culicivora (Spider:1)
  A slime creature (D:12)
  4 wraiths
  4 shadows
  2 jumping spiders (Spider:1)
  4 flying skulls (Gauntlet)
  6 wyverns
  A vampire (D:9)
  2 water elementals (D:15)
  28 yaks
  3 fire bats (Gauntlet)
  3 basilisks
  4 redbacks (Spider:1)
  A fire elemental (Orc:2)
  5 vampire mosquitoes
  3 steam dragons
  A warg (D:15)
  2 acid dragons
  18 water moccasins
  A swamp drake (Swamp:3)
  5 hell hounds
  15 orc warriors
  A black bear (Lair:1)
  2 ogres (Orc:2)
  7 wolves
  8 centaurs
  2 phantoms
  A spectral basilisk (Lair:3)
  A kobold brigand (D:9)
  A spectral wyvern (Lair:3)
  6 bullfrogs
  A gnoll sergeant (D:9)
  A scorpion (D:4)
  9 wights
  4 killer bees
  A nameless horror (D:9)
  7 howler monkeys
  4 lava snakes (Lair:5)
  2 jellies
  6 orc priests
  2 sleepcaps
  3 iguanas
  11 orc wizards
  19 gnolls
  9 adders
  A shadow imp (D:7)
  2 white imps
  An ufetubus (D:5)
  A worm (D:2)
  3 dart slugs (D:1)
  63 orcs
  6 endoplasms
  4 giant cockroaches
  7 hobgoblins
  6 jackals
  5 quokkas
  8 ball pythons
  2 bats (D:1)
  3 frilled lizards
  10 goblins
  8 kobolds
  7 rats
  2 butterflies (Lair:3)
446 creatures vanquished.

Vanquished Creatures (others)
  A thorn hunter (Swamp:3)
  Louise (D:14)
  The ghost of Odimp the Protected, a journeyman KoWn of Wu Jian (Lair:4)
  A minotaur (Gauntlet)
  Snorg (D:11)
  A fire dragon (Lair:5)
  3 hydras
  A ghost crab (Spider:1)
  A centaur warrior (D:15)
  A radroach (Spider:1)
  An alligator (Swamp:1)
  A hell knight (D:15)
  A skyshark (Lair:5)
  A goliath frog (Swamp:3)
  A pharaoh ant (Spider:1)
  2 skeletal warriors (D:15)
  A swamp dragon (Swamp:1)
  A wolf spider zombie (Spider:1)
  A wolf spider (Spider:1)
  2 goliath frog zombies
  6 elephants
  A black mamba (Lair:5)
  3 molten gargoyles (Lair:5)
  A torpor snail (Spider:1)
  A demonic crawler (Spider:1)
  A cane toad (Lair:5)
  4 redback zombies (Spider:1)
  2 orb spider zombies (Spider:1)
  2 swamp worm zombies (Swamp:1)
  2 komodo dragons
  A death yak zombie (Lair:3)
  2 demonic crawler zombies (Spider:1)
  3 hydra zombies
  A bloated husk (Swamp:4)
  A polar bear (Lair:3)
  A nameless horror (Swamp:4)
  A tarantella zombie (Spider:1)
  3 jumping spider zombies (Spider:1)
  An ettin zombie (D:15)
  2 black mamba zombies
  2 yaks (Lair:5)
  2 spriggans (Swamp:1)
  2 wraiths (Orc:1)
  A wyvern (Lair:2)
  2 vampires (D:12)
  A spriggan zombie (Swamp:1)
  2 redbacks (Spider:1)
  2 tyrant leech zombies (Spider:1)
  5 vampire mosquitoes
  A deep troll zombie (D:15)
  2 human zombies (D:15)
  3 fire bat zombies (Gauntlet)
  2 hell hounds (Orc:2)
  A water moccasin (Lair:4)
  A swamp drake (Swamp:3)
  6 orc warriors
  A lindwurm zombie (Lair:5)
  3 hornet zombies (Gauntlet)
  2 swamp dragon zombies
  A ghost crab zombie (Spider:1)
  A hog zombie (Spider:1)
  2 elephant zombies (Lair:5)
  3 vampire mosquito zombies (Spider:1)
  3 centaurs (D:13)
  A rime drake zombie (Lair:3)
  2 komodo dragon zombies (Lair:5)
  4 wyvern zombies
  7 water moccasin zombies
  9 yak zombies
  A polar bear zombie (Lair:3)
  A tengu zombie (D:12)
  3 ogre zombies
  6 centaur zombies
  2 basilisk zombies
  An orc priest (Orc:2)
  A kobold zombie (D:10)
  An orc wizard (D:12)
  An acid dragon zombie (Gauntlet)
  A steam dragon zombie (Lair:5)
  A swamp drake zombie (Swamp:3)
  38 orc zombies
  2 orcs
  2 gnoll zombies (D:12)
  11 foxfires
209 creatures vanquished.

Grand Total: 1001 creatures vanquished

Notes
Turn   | Place    | Note
-------+----------+-------------------------------------------
     0 | D:1      | wingedge the Felid Summoner began the quest for the Orb.
     0 | D:1      | Reached XP level 1. HP: 7/7 MP: 4/4
    72 | D:1      | Found a faded altar of an unknown god.
   224 | D:1      | Reached XP level 2. HP: 12/12 MP: 3/6
   255 | D:1      | Learned a level 2 spell: Call Imp
   404 | D:1      | Reached skill level 1 in Fighting
  1211 | D:2      | Reached XP level 3. HP: 15/15 MP: 2/7
  1318 | D:2      | Learned a level 3 spell: Call Canine Familiar
  2518 | D:2      | Reached XP level 4. HP: 19/19 MP: 0/8
  2935 | D:3      | Reached skill level 1 in Transmutations
  2935 | D:3      | Reached skill level 1 in Poison Magic
  3049 | D:3      | Learned a level 1 spell: Sting
  3056 | D:3      | Found a burning altar of Makhleb.
  3068 | D:3      | Noticed a phantom
  3090 | D:3      | Killed a phantom
  3091 | D:3      | Reached XP level 5. HP: 12/22 MP: 1/9
  3346 | D:3      | Gained mutation: You are covered in thick fur. (AC +2)
                  | [Felid growth]
  3346 | D:3      | Reached XP level 6. HP: 26/26 MP: 9/11
  3498 | D:3      | Learned a level 2 spell: Poisonous Vapours
  4130 | D:4      | Found Jougischill's Weapon Shop.
  4131 | D:4      | Noticed an ice beast
  4192 | D:4      | Killed an ice beast
  4193 | D:4      | Reached skill level 1 in Air Magic
  4569 | D:4      | Noticed Pargi
  4580 | D:4      | Killed Pargi
  4581 | D:4      | Reached skill level 5 in Summonings
  4581 | D:4      | Reached XP level 7. HP: 24/30 MP: 1/12
  5079 | D:4      | Found an ancient bone altar of Kikubaaqudgha.
  5127 | D:4      | Became a worshipper of Kikubaaqudgha
  5878 | D:5      | Entered Level 5 of the Dungeon
  5889 | D:5      | Found Ihenuepp's Weapon Emporium.
  6394 | D:5      | Reached XP level 8. HP: 36/36 MP: 10/14
  6456 | D:5      | Found Baalo's Antique Weapon Emporium.
  6836 | D:5      | Learned a level 4 spell: Summon Lightning Spire
  6866 | D:5      | Found Riqad's Armour Shoppe.
  6898 | D:5      | Found a basalt altar of Yredelemnul.
  7374 | D:6      | Reached * piety under Kikubaaqudgha
  7374 | D:6      | Received a gift from Kikubaaqudgha
  7515 | D:6      | Found a broken altar of Ashenzari.
  7889 | D:6      | Reached skill level 5 in Air Magic
  7978 | D:6      | Found a staircase to the Ecumenical Temple.
  8801 | D:6      | Found a runed translucent door.
  8802 | D:6      | Noticed nroviw's ghost (novice VSFi)
  8835 | D:6      | Found a runed translucent door.
  9184 | D:7      | Noticed Joseph
  9200 | D:7      | Reached XP level 9. HP: 24/39 MP: 1/16
  9902 | D:7      | Found a glowing golden altar of the Shining One.
  9903 | D:7      | Found a bloodstained altar of Trog.
  9905 | D:7      | Found a hide-covered altar of Uskayaw.
  9905 | D:7      | Found an ornate altar of the Wu Jian Council.
  9906 | D:7      | Found a shadowy altar of Dithmenos.
 10046 | D:7      | Killed Joseph
 10047 | D:7      | Reached skill level 5 in Spellcasting
 10200 | D:8      | Identified the +8 kite shield of the Amoeba {rCorr Stlth+}
 10278 | D:8      | Noticed Prince Ribbit
 10288 | D:8      | Killed Prince Ribbit
 10289 | D:8      | Reached skill level 1 in Necromancy
 11069 | D:8      | Reached XP level 10. HP: 37/43 MP: 4/19
 11531 | D:8      | Reached skill level 5 in Fighting
 11792 | D:8      | Learned a level 4 spell: Animate Dead
 11808 | D:9      | Reached ** piety under Kikubaaqudgha
 11810 | D:9      | Noticed Psyche
 11846 | D:9      | Killed Psyche
 12088 | D:9      | Reached skill level 5 in Stealth
 12729 | D:9      | Found a staircase to the Lair.
 12901 | D:9      | Noticed a two-headed ogre
 12913 | D:9      | Killed a two-headed ogre
 13168 | D:10     | Entered Level 10 of the Dungeon
 13222 | D:10     | Noticed Sonja
 13227 | D:10     | Found a hazy altar of Hepliaklqana.
 13235 | D:10     | Killed Sonja
 13236 | D:10     | Reached skill level 5 in Necromancy
 13374 | D:10     | Reached XP level 11. HP: 49/49 MP: 4/21
 13381 | D:10     | Reached skill level 5 in Dodging
 13497 | D:10     | Noticed a two-headed ogre
 13504 | D:10     | Killed a two-headed ogre
 14361 | D:10     | Reached *** piety under Kikubaaqudgha
 14361 | D:10     | Received a gift from Kikubaaqudgha
 14367 | D:10     | Learned a level 4 spell: Anguish
 14525 | D:10     | Reached skill level 1 in Hexes
 15248 | Lair:1   | Entered Level 1 of the Lair of Beasts
 15661 | Lair:1   | Noticed Amaemon
 15685 | Lair:1   | Killed Amaemon
 16839 | Lair:2   | Reached skill level 5 in Hexes
 16848 | Lair:2   | Found a gate leading to a gauntlet.
 16851 | Lair:2   | Found a basalt altar of Yredelemnul.
 16966 | Gauntlet | Entered a Gauntlet
 16966 | Gauntlet | Noticed a glowing orange brain
 16966 | Gauntlet | Found a transporter.
 16966 | Gauntlet | Found a transporter.
 16966 | Gauntlet | Found a transporter.
 16975 | Gauntlet | Found a transporter.
 16991 | Gauntlet | Found a transporter.
 17001 | Gauntlet | Found a transporter.
 17015 | Gauntlet | Found a transporter.
 17028 | Gauntlet | Noticed an oklob plant
 17031 | Gauntlet | Found a transporter.
 17033 | Gauntlet | Noticed a fire crab
 17039 | Gauntlet | Found a transporter.
 17105 | Gauntlet | Found a transporter.
 17105 | Gauntlet | Found a transporter.
 17108 | Gauntlet | Found a transporter.
 17140 | Gauntlet | Noticed a white ugly thing
 17312 | Gauntlet | Paralysed by a hornet for 1 turns
 17487 | Gauntlet | Gained mutation: Your thick and shaggy fur keeps you warm.
                  | (AC +3, rC+) [Felid growth]
 17487 | Gauntlet | Reached XP level 12. HP: 50/54 MP: 2/22
 18332 | Gauntlet | Identified the amulet "Caciyg" {RegenMP Drain Str+5 Stlth+}
 18454 | Gauntlet | Identified the +3 war axe of the Unliving {heavy, rElec
                  | rCorr Int+5 Dex-4}
 18454 | Gauntlet | Noticed a minotaur
 18478 | Gauntlet | Killed a minotaur
 18479 | Gauntlet | Reached skill level 10 in Summonings
 18606 | Gauntlet | Identified the +0 pair of boots "Uqorioxt" {rPois Will+
                  | Slay+3}
 18712 | Lair:2   | Found the +4 robe of Augmentation {Str+4 Int+4 Dex+4}
 19379 | Lair:3   | Found a hole to the Spider Nest.
 19463 | Lair:3   | Reached **** piety under Kikubaaqudgha
 19734 | Lair:3   | Reached skill level 10 in Dodging
 19767 | Lair:3   | Noticed a death yak
 19845 | Lair:3   | Killed a death yak
 20049 | Lair:3   | Noticed a death yak
 20052 | Lair:3   | Noticed a death yak
 20053 | Lair:3   | Noticed a death yak
 20056 | Lair:3   | Noticed a death yak
 20071 | Lair:3   | Killed a death yak
 20072 | Lair:3   | Noticed a death yak
 20082 | Lair:3   | Killed a death yak
 20088 | Lair:3   | Killed a death yak
 20094 | Lair:3   | Killed a death yak
 20121 | Lair:3   | Noticed a death yak
 20121 | Lair:3   | Killed a death yak
 20126 | Lair:3   | Killed a death yak
 20127 | Lair:3   | Reached XP level 13. HP: 59/59 MP: 13/23
 20535 | Lair:3   | Found a staircase to the Swamp.
 20660 | Lair:3   | Learned a level 3 spell: Stone Arrow
 20700 | Lair:4   | Reached skill level 1 in Earth Magic
 20751 | Lair:4   | Reached ***** piety under Kikubaaqudgha
 20828 | Lair:4   | Identified the +9 great sword "Feroyfid" {heavy, Dex+3}
 21139 | Lair:4   | Reached skill level 1 in Conjurations
 21543 | Lair:4   | Found a runed translucent door.
 21546 | Lair:4   | Noticed Odimp's ghost (journeyman KoWn)
 21577 | Lair:4   | Killed Odimp's ghost
 21578 | Lair:4   | Reached skill level 10 in Hexes
 21778 | Lair:5   | Entered Level 5 of the Lair of Beasts
 21780 | Lair:5   | Noticed Nessos
 21801 | Lair:5   | Reached skill level 1 in Fire Magic
 21859 | Lair:5   | Killed Nessos
 22004 | Lair:5   | Learned a level 3 spell: Ignite Poison
 22009 | Lair:5   | Found a staircase to the Slime Pits.
 22009 | Lair:5   | Found a viscous altar of Jiyva.
 22046 | Lair:5   | Found a runed translucent door.
 22047 | Lair:5   | Found a shimmering altar of Xom.
 22047 | Lair:5   | Noticed bmack86's ghost (journeyman MiFi)
 22048 | Lair:5   | Identified the +7 scimitar of the Burning God {chaos,
                  | Fragile Str+5 Int+7}
 22464 | Lair:5   | Reached skill level 10 in Necromancy
 22546 | Lair:5   | Identified the +10 war axe of Cataclysm {drain, rF+ Str+8
                  | Dex+3 Stlth-}
 22752 | Lair:5   | Reached XP level 14. HP: 64/64 MP: 5/25
 23055 | Lair:5   | Found a large runed translucent door.
 23056 | Lair:5   | Found a large runed translucent door.
 23116 | Lair:5   | Got Gutem's Elucidation of Shapeshifting and Poisoning
 24134 | D:6      | Killed nroviw's ghost
 24591 | D:11     | Noticed Snorg
 24716 | D:11     | Killed Snorg
 24755 | D:11     | Noticed Harold
 24783 | D:11     | Killed Harold
 24846 | D:11     | Noticed Nergalle
 24862 | D:11     | Killed Nergalle
 25311 | D:12     | Reached ****** piety under Kikubaaqudgha
 25645 | D:12     | Reached skill level 5 in Transmutations
 26153 | D:12     | Identified the +4 sling of Bequeathed Offence {drain, rPois
                  | Will++}
 26283 | D:12     | Found a staircase to the Orcish Mines.
 26385 | Orc:1    | Entered Level 1 of the Orcish Mines
 26433 | Orc:1    | Noticed Erolcha
 26439 | Orc:1    | Killed Erolcha
 26544 | Orc:1    | Noticed Josephine
 26548 | Orc:1    | Killed Josephine
 26614 | Orc:1    | Your ally Erolcha died
 26867 | Orc:2    | Entered Level 2 of the Orcish Mines
 26876 | Orc:2    | Reached skill level 5 in Poison Magic
 26892 | Orc:2    | Noticed Jorgrun
 26899 | Orc:2    | Killed Jorgrun
 27222 | Orc:2    | Noticed Maurice
 27254 | Orc:2    | Killed Maurice
 27290 | Orc:2    | Found a staircase to the Elven Halls.
 28302 | Orc:2    | Noticed an orc warlord
 28349 | Orc:2    | Killed an orc warlord
 28439 | Orc:2    | Reached XP level 15. HP: 69/69 MP: 16/27
 28473 | Orc:2    | Reached skill level 10 in Fighting
 28602 | Orc:2    | Noticed Azrael
 28629 | Orc:2    | Killed Azrael
 28838 | Orc:2    | Found Yteoroid's General Store.
 28847 | Orc:2    | Found Vinair's Book Shop.
 28848 | Orc:2    | Found Naur's Antique Armour Boutique.
 28848 | Orc:2    | Found Ozxous's Antique Weapon Boutique.
 30026 | D:13     | Reached skill level 1 in Unarmed Combat
 30026 | D:13     | Reached skill level 5 in Fire Magic
 30462 | D:13     | Found a gate to the Vaults.
 30969 | D:14     | Noticed Louise
 30978 | D:14     | Killed Louise
 31643 | D:15     | Entered Level 15 of the Dungeon
 31721 | D:15     | Found a staircase to the Depths.
 32036 | D:15     | Found Keish's Armour Shoppe.
 33140 | Swamp:1  | Entered Level 1 of the Swamp
 33453 | Swamp:1  | Reached XP level 16. HP: 74/74 MP: 23/29
 33478 | Swamp:1  | Noticed Frances
 33485 | Swamp:1  | Killed Frances
 33518 | Swamp:1  | Learned a level 7 spell: Haunt
 35191 | Swamp:3  | Noticed a thorn hunter
 35197 | Swamp:3  | Killed a thorn hunter
 35627 | Swamp:3  | Found a transporter.
 35639 | Swamp:3  | Found a one-way gate to the infinite horrors of the Abyss.
 35639 | Swamp:3  | Noticed Dadbod's ghost (adept FoFi)
 35743 | Swamp:3  | Found a transporter.
 36053 | Swamp:4  | Entered Level 4 of the Swamp
 36272 | Swamp:4  | Noticed Bai Suzhen
 36293 | Swamp:4  | Noticed a thorn hunter
 36316 | Swamp:4  | Killed from afar by a thorn hunter
 36317 | Swamp:4  | Reached XP level 15. HP: -21/70 MP: 9/29
 36443 | Spider:1 | Entered Level 1 of the Spider Nest
 36467 | Spider:1 | Slain by a demonic crawler
 36468 | Spider:1 | Reached XP level 14. HP: -1/63 MP: 4/28
 36813 | Spider:1 | HP: 2/67 [culicivora simulacrum (9)]
 36814 | Spider:1 | Slain by a wolf spider simulacrum

Illustrated notes

Levels and vault maps discovered:
D:1:      lightli_arrival_chessboard, layout_loops_ring,
          hellmonk_ecumenical_altar_crossroads
D:2:      layout_basic, serial_aquarium, aquarium_bridge_long_joined
          [aquarium_subvault_bridge, aquarium_subvault_wall,
          aquarium_subvault_balcony, aquarium_subvault_wall,
          aquarium_subvault_bridge, aquarium_subvault_bridge],
          aquarium_window_fake, aquarium_window_fake, aquarium_view_2d,
          aquarium_pool_split
D:3:      layout_basic, nicolae_overflow_crystal_walls, kennysheep_nub
D:4:      layout_basic, marbit_many_paths, serial_shops,
          nicolae_shop_bloodbath_and_beyond, dreamdust_princess_bridge,
          uniq_pargi
D:5:      layout_cave_pools, kennysheep_mini_moat, chequers_ossuary_entry_cave,
          serial_shops, shop, nicolae_shop_real_fake_doors,
          nicolae_shop_scrapyard
D:6:      layout_rooms, ashenzari_altar_1, minmay_temple_entry_enclosed_plants,
          ebering_ghost_sewer_f, corner_web_ring
D:7:      layout_gridville, grunt_temple_overflow_open, uniq_joseph
D:8:      layout_loops_cross, uniq_prince_ribbit1
D:9:      layout_rooms, dpeg_oklobed_lair, st_stairs_5, blue_anna_alchemist,
          uniq_psyche
D:10:     layout_basic, mainiacjoe_overflow_cross_hatched,
          kennysheep_kite_vault, uniq_sonja
D:11:     layout_roguey, minmay_misc_feat_doors, uniq_nergalle, uniq_harold,
          uniq_snorg
D:12:     layout_small_grid, hiddenorc2_lemuel, kennysheep_minor_cross
D:13:     layout_stronghold, grunt_vaults_entry_fortified,
          statue_in_the_mist_lemuel
D:14:     layout_gridville, kennysheep_generic_room_7, uniq_louise
D:15:     hangedman_depths_entry_civil_slaughter, layout_basic, serial_shops,
          nicolae_shop_just_a_little_nook, nrook_campfire
Lair:1:   layout_roguey, uniq_amaemon
Lair:2:   layout_regular_city, gauntlet_entry_generic, basic_altar,
          small_statue_intersection
Lair:3:   layout_misc_corridors, nicolae_swamp_entry_spooky,
          nicolae_spider_entry_orb_guardian, lemuel_fruit_fields,
          grunt_megastairs_4
Lair:4:   layout_regular_city, ebering_ghost_inner_flame
Lair:5:   cheibrodos_lair_end_hotspot, layout_long_grid, slime_entry_1,
          ebering_ghost_xom, uniq_nessos
Swamp:1:  nicolae_swamp_secret_spriggan_hideout, layout_basic_swamp,
          hangedman_swamp_cone, uniq_frances
Swamp:2:  layout_basic_swamp, evilmike_swamp_ruin_house_4
Swamp:3:  layout_falls_marsh, gammafunk_ghost_abyssal_escape,
          evilmike_swamp_ruin_rubble_1
Swamp:4:  swamp_basic_johnstein, layout_basic_swamp, uniq_bai_suzhen, uniq_aizul
Spider:1: nicolae_spider_broodchamber, nicolae_spider_swamp_cousins, uniq_kirke
Orc:1:    layout_caves, uniq_erolcha, uniq_josephine
Orc:2:    st_orc_congregation, layout_caves, uniq_jorgrun, uniq_maurice,
          uniq_azrael

Skill      XL: |  1  2  3  4  5  6  7  8  9 10 11 12 13 14 15 16 |
---------------+-------------------------------------------------+-----
Dodging        | 3 4 8 10 11 12 13 | 13.0
Stealth        | 3 4 7 |  7.0
Fighting       | 1 2 3 4 6 7 8 9 10 11 | 11.0
Transmutations | 1 2 3 4 5 7 |  7.0
Poison Magic   | 1 2 3 4 5 6 |  6.0
Spellcasting   | 3 4 5 6 7 8 9 |  9.0
Air Magic      | 1 2 6 7 8 |  8.0
Summonings     | 5 6 7 8 9 10 11 13 | 13.7
Necromancy     | 2 5 7 9 10 11 13 | 13.7
Hexes          | 5 8 10 11 | 11.0
Earth Magic    | 4 |  4.0
Conjurations   | 4 |  4.0
Fire Magic     | 2 4 6 |  6.0
Unarmed Combat | 3 4 |  4.0

Action                     |  1- 3 |  4- 6 |  7- 9 | 10-12 | 13-15 | 16-18 || total
---------------------------+-------+-------+-------+-------+-------+-------++-------
  Melee: Unarmed           |    12 |    11 |    44 |    93 |    40 |     2 ||   202
         Bite              |     2 |     4 |     9 |    21 |     7 |       ||    43
         Punch             |       |       |       |     4 |     2 |       ||     6
   Cast: Summon Small Mamm |    61 |    10 |    16 |       |       |       ||    87
         Call Imp          |    23 |    20 |    32 |     7 |       |       ||    82
         Call Canine Famil |     5 |    21 |    57 |    68 |    68 |    15 ||   234
         Poisonous Vapours |       |     4 |    59 |   108 |   459 |    82 ||   712
         Sting             |       |     2 |    29 |       |       |       ||    31
         Summon Lightning  |       |       |    14 |    73 |    87 |    22 ||   196
         Animate Dead      |       |       |       |    17 |    23 |     5 ||    45
         Anguish           |       |       |       |    11 |   101 |    27 ||   139
         Stone Arrow       |       |       |       |       |    58 |    12 ||    70
         Ignite Poison     |       |       |       |       |   193 |    45 ||   238
         Haunt             |       |       |       |       |     1 |     3 ||     4
 Invoke: Unearth Wretches  |       |       |       |       |     1 |     1 ||     2
  Evoke: Wand              |       |     1 |       |     6 |       |       ||     7
    Use: Scroll            |       |       |     7 |    15 |    10 |     4 ||    36
         Potion            |       |       |     1 |     3 |       |       ||     4
   Stab: Distracted        |       |     1 |       |     5 |     1 |       ||     7
         Paralysed         |       |       |       |       |       |     1 ||     1
         Sleeping          |       |       |       |       |       |     1 ||     1
 Armour: Skin              |     1 |       |     5 |     9 |    16 |     6 ||    37
  Dodge: Dodged            |    19 |     6 |   118 |   142 |   270 |    52 ||   607
